 Dungeon Crawl Stone Soup version 0.25.1-2-g60ff931df9 (webtiles) character file.

Game seed: 6767967205696779684

10490 DogServant the Transmogrifier (level 11, -9/86 HPs)
             Began as a Demonspawn Transmuter on Nov 10, 2020.
             Was a Priest of Makhleb.
             Killed from afar by an electric eel (11 damage)
             ... with a bolt of electricity
             ... on level 3 of the Lair of Beasts.
             The game lasted 00:19:09 (14875 turns).

DogServant the Transmogrifier (DsTm)               Turns: 14875, Time: 00:19:10

Health: -9/86      AC:  4    Str: 12    XL:     11   Next: 36%
Magic:  11/14      EV: 21    Int: 17    God:    Makhleb [***...]
Gold:   402        SH:  0    Dex: 15    Spells: 3/14 levels left

rFire    + . .     SeeInvis .     - Unarmed
rCold    . . .     Gourm    .   (shield currently unavailable)
rNeg     . . .     Faith    .   y - +1 leather armour {rPois}
rPois    +         Spirit   .   (helmet restricted)
rElec    .         Reflect  .   (no cloak)
rCorr    .         Harm     .   (gloves currently unavailable)
MR       .....                  (boots unavailable)
Stlth    ..........             E - amulet of regeneration
HPRegen  0.64/turn              C - +4 ring of evasion
MPRegen  0.14/turn              L - ring of Ecrol {rF+ Int+4 Stlth-}

@: blade hands
A: horns 1, talons 3, dopey 1, rot immunity
a: End Transformation, Minor Destruction, Lesser Servant of Makhleb, Renounce
Religion


You were on level 3 of the Lair of Beasts.
You worshipped Makhleb.
Makhleb was most pleased with you.
You were not hungry.
You had blades for hands.
You visited 2 branches of the dungeon, and saw 14 of its levels.

You collected 798 gold pieces.
You spent 396 gold pieces at shops.

Inventory:

Hand Weapons
 G - the +10 morningstar "Eos" {elec, Halo rElec}
   (You found it on level 10 of the Dungeon)

   Occasionally, upon striking a foe, it will discharge some electrical energy
   and cause terrible harm.
   It insulates you from electricity.
Missiles
 a - 190 arrows
 f - 55 poisoned darts (quivered)
 j - 18 javelins
Armour
 b - a +0 robe
 u - a +0 troll leather armour
 y - a +1 leather armour of poison resistance (worn)
 F - +0 acid dragon scales
Jewellery
 C - a +4 ring of evasion (left scythe-like blade)
 E - an amulet of regeneration (around neck)
 L - the ring of Ecrol (right scythe-like blade) {rF+ Int+4 Stlth-}
   (You found it on level 2 of the Lair of Beasts)

   [ring of attention]

   It affects your intelligence (+4).
   It protects you from fire.
   It makes you less stealthy.
Wands
 l - a wand of disintegration (11)
 m - a wand of paralysis (23)
 B - a wand of random effects (10)
 K - a wand of digging (4)
Scrolls
 d - 2 scrolls of magic mapping
 n - 6 scrolls of teleportation
 o - 2 scrolls of enchant weapon {unknown}
 p - 6 scrolls of remove curse
 r - 3 scrolls of fog {unknown}
 t - 3 scrolls of amnesia {unknown}
 x - 2 scrolls of fear {unknown}
 z - a scroll of noise {unknown}
 J - 2 scrolls of identify
 O - a scroll of enchant armour {unknown}
 P - a scroll of random uselessness {unknown}
Potions
 c - 2 potions of magic
 e - 4 potions of degeneration
 h - 5 potions of curing
 i - 3 potions of flight
 k - 5 potions of haste
 q - a potion of might
 s - a potion of stabbing
 v - a potion of resistance {unknown}
 w - a potion of brilliance {unknown}
 A - 2 potions of lignification {unknown}
 D - a potion of berserk rage {unknown}
 H - a potion of cancellation {unknown}
 I - a potion of heal wounds {unknown}
 M - 2 potions of mutation {unknown}
Comestibles
 g - 22 rations
 N - 5 chunks of flesh


   Skills:
 + Level 8.1 Fighting
 + Level 8.6 Dodging
 + Level 8.6 Unarmed Combat
 - Level 2.0 Spellcasting
 + Level 9.5 Transmutations


You had 3 spell levels left.
You knew the following spells:

 Your Spells              Type           Power        Failure   Level  Hunger
a - Beastly Appendage     Tmut           ####..       12%         1    #......
b - Sticks to Snakes      Tmut           ####....     13%         2    ###....
c - Spider Form           Tmut/Pois      ###.......   47%         3    ###....
d - Blade Hands           Tmut           ####......   54%         5    ######.

Your spell library contained the following spells:

 Spells                   Type           Power        Failure   Level  Hunger
 Animate Skeleton         Necr           N/A          67%         1    #......
 Corona                   Hex            #......      67%         1    #......
 Freeze                   Ice            #...         67%         1    #......
 Summon Small Mammal      Summ           #...         67%         1    #......
 Corpse Rot               Necr/Air       N/A          78%         2    ###....
 Ensorcelled Hibernation  Hex/Ice        #.....       78%         2    ###....
 Confusing Touch          Hex            #.......     91%         3    ###....
 Dazzling Flash           Conj/Hex       #.....       91%         3    ###....
 Frozen Ramparts          Ice            #.....       91%         3    ###....
 Ozocubu's Armour         Chrm/Ice       #.......     91%         3    ###....
 Tukima's Dance           Hex            #.......     91%         3    ###....
 Ice Form                 Ice/Tmut       ###.....     77%         4    #####..
 Hailstorm                Conj/Ice       #.......     99%         4    #####..
 Summon Ice Beast         Ice/Summ       #.......     99%         4    #####..
 Agony                    Necr           #.......     100%        5    ######.
 Dragon's Call            Summ           #.........   100%        9    #######


Dungeon Overview and Level Annotations

Branches:
Dungeon (11/15)            Temple (0/1) D:5            Lair (3/6) D:8
  Snake (0/4) Lair:3          Orc (0/2) D:10
  Swamp: Lair:2-4    Shoals: Lair:2-4

Altars:
Elyvilon
Kikubaaqudgha
Makhleb
Nemelex Xobeh
Okawaru

Shops:
D:8 =   D:10 (

Annotations:
D:4 1 runed translucent door, Crazy Yiuf, Grinder
D:10 2 runed translucent doors, exclusion: orange crystal statue
Lair:3 exclusion: oklob plant


Innate Abilities, Weirdness & Mutations

You have a pair of small horns on your head.
You have claws for feet.
You are immune to rotting.
You are dopey. (Int -2)


Message History

The electric eel shoots out a bolt of lightning at you!
The bolt of electricity hits you!
The electric eel shoots out a bolt of lightning at you!
The bolt of electricity hits you.
* * * LOW HITPOINT WARNING * * *
The electric eel shoots out a bolt of lightning at you!
The bolt of electricity misses you.
Found a scroll of remove curse.
The electric eel shoots out a bolt of lightning at you!
The bolt of electricity hits you!
* * * LOW HITPOINT WARNING * * *
Found a stone staircase leading up.
You barely miss the electric eel. Your headbutt misses the electric eel.
Your slash misses the electric eel.
The electric eel shoots out a bolt of lightning at you!
The bolt of electricity hits you!
* * * LOW HITPOINT WARNING * * *
The electric eel shoots out a bolt of lightning at you!
The bolt of electricity hits you!
You die...

... ..≈.<.≈≈...
?P.##≈≈≈.≈≈≈≈≈.
#...≈≈≈≈≈≈≈≈≈≈.
#...≈≈≈≈≈≈≈≈≈≈..
.....≈≈≈≈≈≈≈≈... .....
#....≈≈≈≈≈≈≈... ..≈≈≈
#.....≈;;≈≈..#. P≈≈≈≈
.......@....... ≈≈≈≈.
...........##.. ≈≈..≈
...........# ...≈≈.≈..
..........## ....≈≈≈..>
..........## ....≈≈....
...##..†...###....≈≈≈≈..
#.# ##....##......P≈≈≈..
.# #.#..............≈≈≈≈
#................≈≈≈


You could see 2 electric eels.

Vanquished Creatures
  Erica (D:9)
  A two-headed ogre (D:8)
  Urug (D:10)
  Sonja (Lair:1)
  Joseph (D:10)
  2 spiny frogs
  3 komodo dragons
  Maggie (D:10)
  A rime drake (Lair:3)
  2 hippogriffs
  A spriggan (D:7)
  3 yaks (Lair:3)
  A wyvern (Lair:2)
  A hungry ghost (D:9)
  A basilisk (D:8)
  Menkaure (D:5)
  An acid dragon (D:8)
  2 nagas (Lair:3)
  4 porcupines
  A water moccasin (Lair:2)
  An orc warrior (D:9)
  2 sky beasts
  5 ice beasts
  A black bear (D:9)
  An ogre (D:5)
  3 centaurs
  7 crocodiles
  5 bullfrogs
  A wyvern skeleton (D:7)
  A scorpion (D:10)
  5 killer bees (D:9)
  4 howler monkeys
  2 crimson imps
  A quasit (D:9)
  5 orc priests
  10 orc wizards
  2 hounds
  2 bullfrog skeletons (D:10)
  Jessica (D:3)
  3 iguanas
  5 worker ants
  A hound zombie (D:7)
  A hound skeleton (D:6)
  A howler monkey skeleton (D:10)
  11 adders
  2 shadow imps
  2 oozes
  3 adder skeletons
  3 worms
  3 dart slugs
  5 leopard geckos
  21 orcs
  7 giant cockroaches
  7 goblins
  6 hobgoblins
  4 jackals
  5 kobolds
  4 quokkas
  A ball python (D:2)
  6 bats
  6 frilled lizards
  A jackal skeleton (D:4)
  2 leopard gecko skeletons
  13 rats
  A fungus (D:4)
213 creatures vanquished.

Vanquished Creatures (others)
  A plant (Lair:1)
1 creature vanquished.

Grand Total: 214 creatures vanquished

Notes
Turn   | Place    | Note
-------+----------+-------------------------------------------
     0 | D:1      | DogServant the Demonspawn Transmuter began the quest for
                  | the Orb.
     0 | D:1      | Reached XP level 1. HP: 15/15 MP: 3/3
   290 | D:1      | Reached skill level 2 in Transmutations
   529 | D:1      | Mutation became permanent: You have razor-sharp toenails.
                  | [demonic ancestry]
   529 | D:1      | Gained mutation: You have claws for feet. [demonic
                  | ancestry]
   529 | D:1      | Reached XP level 2. HP: 21/21 MP: 3/5
  1344 | D:1      | Gained mutation: You have razor-sharp toenails. [demonic
                  | ancestry]
  1344 | D:1      | Reached XP level 3. HP: 25/26 MP: 4/6
  1739 | D:2      | Learned a level 2 spell: Sticks to Snakes
  2070 | D:2      | Learned a level 3 spell: Spider Form
  2347 | D:2      | Reached skill level 3 in Transmutations
  2518 | D:2      | Gained mutation: You are immune to rotting. [demonic
                  | ancestry]
  2518 | D:2      | Reached XP level 4. HP: 23/32 MP: 7/7
  3353 | D:3      | Found an iron altar of Okawaru.
  3353 | D:3      | Found a burning altar of Makhleb.
  3356 | D:3      | Found a white marble altar of Elyvilon.
  3365 | D:3      | Became a worshipper of Makhleb the Destroyer
  3978 | D:3      | Noticed Jessica
  3991 | D:3      | Killed Jessica
  3991 | D:3      | Reached XP level 5. HP: 24/37 MP: 8/8
  4905 | D:4      | Reached skill level 4 in Transmutations
  5041 | D:4      | Reached * piety under Makhleb
  5249 | D:4      | Found a sparkling altar of Nemelex Xobeh.
  5542 | D:4      | Found a runed translucent door.
  5543 | D:4      | Noticed Crazy Yiuf
  5543 | D:4      | Noticed Grinder
  5638 | D:5      | Entered Level 5 of the Dungeon
  5663 | D:4      | Reached XP level 6. HP: 33/43 MP: 9/9
  5778 | D:5      | Reached skill level 5 in Unarmed Combat
  5924 | D:5      | Found an ancient bone altar of Kikubaaqudgha.
  6047 | D:5      | Found a staircase to the Ecumenical Temple.
  6091 | D:5      | Noticed a sky beast
  6118 | D:5      | Noticed an ice beast
  6126 | D:5      | HP: 1/43 [ice beast (13)]
  6127 | D:5      | Killed an ice beast
  6473 | D:5      | Reached skill level 5 in Transmutations
  6473 | D:5      | Gained mutation: You have a pair of small horns on your
                  | head. [demonic ancestry]
  6473 | D:5      | Reached XP level 7. HP: 48/48 MP: 6/10
  7135 | D:5      | Noticed Menkaure
  7145 | D:5      | Killed Menkaure
  7145 | D:5      | Reached skill level 6 in Transmutations
  7371 | D:5      | Gained mutation: You have claws for feet. [demonic
                  | ancestry]
  7371 | D:5      | Reached XP level 8. HP: 40/54 MP: 8/11
  7819 | D:6      | Learned a level 5 spell: Blade Hands
  8534 | D:7      | Reached skill level 7 in Transmutations
  9053 | D:8      | Reached skill level 8 in Transmutations
  9330 | D:8      | Found Beyco's Jewellery Boutique.
  9333 | D:8      | Bought a +4 ring of evasion for 396 gold pieces
  9508 | D:8      | Reached ** piety under Makhleb
  9798 | D:8      | Noticed a two-headed ogre
  9807 | D:8      | Killed a two-headed ogre
  9807 | D:8      | Reached XP level 9. HP: 35/65 MP: 6/12
 10087 | D:8      | Reached skill level 5 in Fighting
 10133 | D:8      | Found a staircase to the Lair.
 10147 | D:8      | Reached skill level 5 in Dodging
 10575 | D:9      | Noticed Erica
 10586 | D:9      | Killed Erica
 10664 | D:9      | Reached XP level 10. HP: 77/77 MP: 7/13
 11246 | D:9      | Reached *** piety under Makhleb
 11658 | D:9      | Gained mutation: You are dopey. (Int -2) [mutagenic glow]
 11825 | D:10     | Entered Level 10 of the Dungeon
 11836 | D:10     | Found a staircase to the Orcish Mines.
 11848 | D:10     | Noticed Urug
 11860 | D:10     | Killed Urug
 11983 | D:10     | Noticed Joseph
 11990 | D:10     | Killed Joseph
 12060 | D:10     | Noticed Maggie
 12072 | D:10     | Killed Maggie
 12106 | D:10     | Found a runed translucent door.
 12167 | D:10     | Found Gunisky's Antique Weapon Boutique.
 12187 | D:10     | Identified the Papyrus of Ghastly Summoning
 12315 | D:10     | Found the +10 morningstar "Eos" {elec, Halo rElec}
 12412 | D:10     | Found the +10 tower shield of Ignorance {rN+ Int-4}
 12415 | D:10     | Noticed an orange crystal statue
 12507 | D:10     | Found a runed translucent door.
 12768 | D:11     | Noticed a death knight
 12958 | Lair:1   | Entered Level 1 of the Lair of Beasts
 13150 | Lair:1   | Noticed Sonja
 13159 | Lair:1   | Noticed a five-headed hydra
 13164 | Lair:1   | Killed Sonja
 13369 | Lair:2   | Reached skill level 9 in Transmutations
 13466 | Lair:2   | Reached XP level 11. HP: 86/86 MP: 8/14
 13537 | Lair:2   | Got a smoking pewter ring
 14027 | Lair:2   | Identified the ring of Ecrol {rF+ Int+4 Stlth-} (You found
                  | it on level 2 of the Lair of Beasts)
 14584 | Lair:3   | Noticed an oklob plant
 14751 | Lair:3   | Found a staircase to the Snake Pit.
 14875 | Lair:3   | HP: 2/86 [electric eel/bolt of electricity (11)]
 14875 | Lair:3   | Killed from afar by an electric eel

Illustrated notes

Levels and vault maps discovered:
D:1:      minmay_arrival_cross, layout_basic, corexii_corridor_pit
D:2:      layout_loops_cross, first_ration, chequers_serial_rivers_room_b
D:3:      layout_loops_ring, grunt_temple_overflow_open,
          minmay_misc_feat_square, minmay_ruptured, uniq_jessica
D:4:      layout_basic, nemelex_spade_bored_becter, uniq_crazy_yiuf_cottage,
          uniq_grinder
D:5:      layout_basic, kiku_gazebo_pond_becter,
          minmay_temple_entry_stoned_glass, uniq_menkaure
D:6:      layout_loops_cross
D:7:      layout_loops_ring, the_bakery
D:8:      layout_loops_ring, erik_lair_dragon, serial_shops,
          kennysheep_mini_moat
D:9:      layout_roguey, serial_bayou_pond_c, minmay_misc_feat_five, uniq_erica
D:10:     layout_cave_pods, orc_0_dummy, serial_shops, nicolae_shop_stone,
          minmay_holes, chequers_guarded_unrand_ignorance, uniq_joseph,
          uniq_urug, uniq_maggie
D:11:     layout_long_grid
Lair:1:   layout_regular_city, uniq_sonja
Lair:2:   layout_small_grid, st_stairs_10
Lair:3:   layout_chaotic_city, elwin_shoals_entry_rocks,
          guppyfry_snake_entry_island, minmay_lair_oklob_chamber,
          serial_bayou_shore_a, infiniplex_staircase_pool, grunt_megastairs_1

Skill      XL: |  1  2  3  4  5  6  7  8  9 10 11 |
---------------+----------------------------------+-----
Transmutations | 2 3 4 5 6 8 9 |  9.5
Unarmed Combat | 3 4 5 6 7 8 |  8.6
Dodging        | 4 6 8 |  8.6
Fighting       | 4 6 8 |  8.1
Spellcasting   | |  2.0

Action                   |  1- 3 |  4- 6 |  7- 9 | 10-12 || total
-------------------------+-------+-------+-------+-------++-------
Melee: Unarmed           |   114 |   182 |   172 |   216 ||   684
       Kick              |    22 |    35 |    35 |    56 ||   148
       Headbutt          |    11 |    16 |    14 |    32 ||    73
       Punch             |     3 |     1 |     2 |     8 ||    14
Throw: Dart              |       |       |       |     7 ||     7
 Cast: Beastly Appendage |    24 |    31 |       |       ||    55
       Sticks to Snakes  |     1 |       |     1 |       ||     2
       Spider Form       |       |     4 |     8 |       ||    12
       Blade Hands       |       |       |     8 |    22 ||    30
Evoke: Wand              |       |       |     5 |     4 ||     9
  Use: Scroll            |       |     5 |       |     6 ||    11
       Potion            |       |       |     1 |       ||     1
 Stab: Sleeping          |     2 |       |       |       ||     2
  Eat: Chunk             |     1 |     9 |    12 |    18 ||    40
       Ration            |     1 |     2 |     1 |     2 ||     6
Armor: Robe              |    15 |    15 |     9 |       ||    39
       Skin              |       |       |     1 |       ||     1
       Leather armour    |       |       |       |    15 ||    15
Dodge: Dodged            |    75 |   125 |   123 |   212 ||   535
